 Dungeon Crawl Stone Soup version 0.27.1-2-g3b301248ec (webtiles) character file.

Game seed: 5248535512319180235

2065 LadyBoffin the Destroyer (level 9, 0/67 HPs)
             Began as a Yellow Draconian Conjurer on Oct 2, 2021.
             Killed from afar by a steam dragon (16 damage)
             ... with a ball of steam
             ... on level 6 of the Dungeon.
             The game lasted 00:29:53 (8227 turns).

LadyBoffin the Destroyer (DrCj)                     Turns: 8227, Time: 00:29:54

Health: 0/67       AC:  7    Str: 13    XL:     9   Next: 5%
Magic:  10/19      EV: 12    Int: 21    God:
Gold:   54         SH:  0    Dex: 10    Spells: 16/22 levels left

rFire    . . .     SeeInvis +   g - +1 dagger (venom)
rCold    . . .     Faith    .   (no shield)
rNeg     . . .     Spirit   .   (armour unavailable)
rPois    .         Reflect  .   (helmet restricted)
rElec    .         Harm     .   (no cloak)
rCorr    +         Rampage  .   (no gloves)
Will     .....                  (no boots)
Stlth    ++........             (no amulet)
HPRegen  0.21/turn              u - ring "Wagheung" {Wiz Contam Str+3 SInv}
MPRegen  0.16/turn              (no ring)

@: no status effects
A: spit acid, AC +7, unfitting armour, cold-blooded, acid resistance
a: Breathe Acid


You were on level 6 of the Dungeon.
You visited 2 branches of the dungeon, and saw 8 of its levels.

You collected 297 gold pieces.
You spent 243 gold pieces at shops.

Inventory:

Hand Weapons
 a - a +0 dagger
 g - a +1 dagger of venom (weapon)
Magical Staves
 h - a staff of death
Jewellery
 e - a ring of magical power
 q - a ring of ice
 u - the ring "Wagheung" (left hand) {Wiz Contam Str+3 SInv}
   (You found it on level 6 of the Dungeon)

   [ring of wizardry]

   It improves your spell success rate.
   Str:       It affects your strength (+3).
   SInv:      It lets you see invisible.
   Contam:    It causes magical contamination when unequipped.
Wands
 p - a wand of polymorph (7)
Scrolls
 d - 2 scrolls of amnesia
 i - a scroll of immolation
 n - 9 scrolls of teleportation
 o - a scroll of holy word {unknown}
 r - a scroll of magic mapping {unknown}
Potions
 c - a potion of mutation
 f - a potion of berserk rage
 j - a potion of invisibility
 k - 2 potions of lignification {unknown}
 l - a potion of curing
 m - 2 potions of brilliance {unknown}
 s - a potion of ambrosia {unknown}
 t - a potion of resistance {unknown}


   Skills:
 + Level 1.7 Fighting
 - Level 0.1 Short Blades
 + Level 4.0 Dodging
 + Level 4.0 Stealth
 + Level 7.0 Spellcasting
 + Level 8.2 Conjurations
 + Level 0.6 Hexes


You had 16 spell levels left.
You knew the following spells:

 Your Spells              Type           Power      Damage    Failure   Level
a - Magic Dart            Conj           100%       1d8       1%          1
b - Searing Ray           Conj           82%        3d6       1%          2
c - Dazzling Flash        Conj/Hex       52%        N/A       1%          3

Your spell library contained the following spells:

 Spells                   Type           Power      Damage    Failure   Level
 Fulminant Prism          Conj/Hex       13%        3d9       6%          4
 Iskenderun's Mystic Bla  Conj/Tloc      24%        2d7       6%          4


Dungeon Overview and Level Annotations

Branches:
Dungeon (7/15)             Temple (1/1) D:5

Altars:
Ashenzari
Cheibriados
Dithmenos
Fedhas
Gozag
Hepliaklqana
Kikubaaqudgha
Qazlal
Ru
Trog
Wu Jian
Yredelemnul
Zin
The Shining One

Shops:
D:1 =[?   D:2 (   D:5 ??


Innate Abilities, Weirdness & Mutations

You can spit globs of acid.
Your golden yellow scales are hard. (AC +7)
You cannot fit into any form of body armour.
You are cold-blooded and may be slowed by cold attacks.
You are resistant to acid. (rCorr)


Message History

Aim: a steam dragon (82% to hit)
The searing ray hits the steam dragon!
The steam dragon is moderately wounded. (Press . to maintain the ray.)
The steam dragon breathes steam at you. The ball of steam hits you!!
* * * LOW HITPOINT WARNING * * *
The searing ray hits the steam dragon!
The steam dragon is severely wounded.
You are engulfed in a cloud of scalding steam.
The steam dragon misses you. The steam dragon barely misses you.
The searing ray hits the steam dragon.
The steam dragon is almost dead.
You are engulfed in a cloud of scalding steam.
* * * LOW HITPOINT WARNING * * *
The steam dragon bites you.
* * * LOW HITPOINT WARNING * * *
The steam dragon claws you but does no damage.
You feel better. The steam dragon bites you.
* * * LOW HITPOINT WARNING * * *
The steam dragon claws you but does no damage.
Casting: Searing Ray (safe; 1% risk of failure)
Confirm with . or Enter, or press ? or * to list all spells.
Aiming: Magic Dart (safe; 1% risk of failure)
Press: ? - help, Shift-Dir - straight line, f/p - steam dragon
Aim: a steam dragon (almost dead, 100% to hit)
The magic dart hits the steam dragon but does no damage.
The steam dragon is almost dead.
The steam dragon barely misses you.
The steam dragon claws you but does no damage.
Casting: Magic Dart (safe; 1% risk of failure)
Confirm with . or Enter, or press ? or * to list all spells.
Aiming: Magic Dart (safe; 1% risk of failure)
Press: ? - help, Shift-Dir - straight line, f/p - steam dragon
Aim: a steam dragon (almost dead, 100% to hit)
The magic dart hits the steam dragon.
The steam dragon is almost dead.
The steam dragon breathes steam at you. The ball of steam hits you!
You die...

### ##.## ####...#
##..#...# #...#...####
##.#.@......##
#..#..D......# ##
#...........## .####
##............# ....#
#............## ....#
#....##....#.## ....#
###...##........# # ....#
#.....###.......# ##
....#####..............##
####.


You could see a steam dragon (catching breath).

Vanquished Creatures
  Sigmund (D:5)
  A steam dragon (D:6)
  A water moccasin (D:4)
  An ice beast (D:6)
  A sky beast (D:5)
  2 ogres
  2 centaurs (D:6)
  A phantom (D:3)
  A kobold brigand (D:5)
  2 bullfrogs
  3 scorpions
  A water moccasin zombie (D:5)
  2 water moccasin skeletons (D:5)
  A hound (D:5)
  5 orc priests
  3 iguanas
  3 orc wizards
  A hound skeleton (D:4)
  Robin (D:2)
  5 adders
  2 white imps
  2 ufetubi (D:6)
  An adder skeleton (D:4)
  A worm (D:2)
  4 dart slugs (D:1)
  22 orcs
  12 ball pythons
  3 endoplasms (D:4)
  5 giant cockroaches
  10 goblins
  12 hobgoblins
  2 jackals (D:3)
  A quokka (D:3)
  7 bats
  3 frilled lizards
  15 kobolds
  8 rats
148 creatures vanquished.

Notes
Turn   | Place    | Note
-------+----------+-------------------------------------------
     0 | D:1      | LadyBoffin the Draconian Conjurer began the quest for the
                  | Orb.
     0 | D:1      | Reached XP level 1. HP: 14/14 MP: 3/3
   408 | D:1      | Reached XP level 2. HP: 20/20 MP: 0/5
   477 | D:1      | Found Coamish's Magic Scroll Shop.
   947 | D:1      | Found Dacuagre's Jewellery Shop.
   948 | D:1      | Found Forusm's Antique Armour Shop.
  1024 | D:1      | Reached XP level 3. HP: 25/26 MP: 1/6
  1463 | D:2      | Found Peoqegeg's Antique Weapon Shoppe.
  1713 | D:2      | Found a faded altar of an unknown god.
  1769 | D:2      | Noticed Robin
  1774 | D:2      | Killed Robin
  1778 | D:2      | Reached XP level 4. HP: 33/33 MP: 0/8
  1872 | D:2      | Learned a level 2 spell: Searing Ray
  1927 | D:2      | Reached skill level 5 in Conjurations
  2416 | D:3      | Reached XP level 5. HP: 15/38 MP: 3/9
  2902 | D:4      | Noticed a phantom
  2931 | D:3      | Killed a phantom
  3563 | D:4      | Reached XP level 6. HP: 46/46 MP: 5/11
  3894 | D:4      | Noticed a water moccasin
  3899 | D:4      | Killed a water moccasin
  3900 | D:4      | Reached skill level 1 in Fighting
  4567 | D:5      | Entered Level 5 of the Dungeon
  4567 | D:5      | Found Tasedwem's Magic Scroll Shoppe.
  4578 | D:5      | Reached skill level 6 in Conjurations
  4586 | D:5      | HP: 2/47 [poisoned by a scorpion]
  4936 | D:5      | Your scales start taking on a golden yellow colour.
  4936 | D:5      | Reached XP level 7. HP: 48/52 MP: 3/14
  4936 | D:5      | Gained mutation: You are resistant to acid. (rCorr) [Yellow
                  | Draconian growth]
  5022 | D:5      | Noticed Sigmund
  5041 | D:5      | Killed Sigmund
  5042 | D:5      | Reached skill level 5 in Spellcasting
  5254 | D:5      | Bought a scroll of teleportation for 39 gold pieces
  5491 | D:5      | Reached skill level 7 in Conjurations
  5491 | D:5      | Reached XP level 8. HP: 54/59 MP: 11/16
  5603 | D:5      | Learned a level 3 spell: Dazzling Flash
  5662 | D:5      | Found a staircase to the Ecumenical Temple.
  5667 | Temple   | Entered the Ecumenical Temple
  6059 | D:5      | Found a sacrificial altar of Ru.
  6282 | D:5      | Found a glowing silver altar of Zin.
  6345 | D:5      | Found Haklumeqa's Magic Scroll Shop.
  6353 | D:5      | Bought a scroll of teleportation for 36 gold pieces
  6353 | D:5      | Bought a scroll of teleportation for 36 gold pieces
  6353 | D:5      | Bought a scroll of identify for 24 gold pieces
  6353 | D:5      | Bought a scroll of teleportation for 36 gold pieces
  6353 | D:5      | Bought a scroll of teleportation for 36 gold pieces
  6353 | D:5      | Bought a scroll of teleportation for 36 gold pieces
  7795 | D:6      | Identified the ring "Wagheung" {Wiz Contam Str+3 SInv}
  7817 | D:6      | Reached skill level 8 in Conjurations
  8052 | D:6      | Reached XP level 9. HP: 54/67 MP: 15/19
  8212 | D:7      | Found the +9 staff of Wucad Mu {*channel}
  8227 | D:6      | Killed from afar by a steam dragon

Illustrated notes

Levels and vault maps discovered:
D:1:      mrwooster_arrival_statue_3, layout_rooms, serial_shops, shop, shop,
          shop, minmay_unequal
D:2:      layout_rooms, ebering_ecumenical_altar_webs, serial_shops,
          nicolae_shop_crystal, minmay_misc_feat_nine_boxes, uniq_robin
D:3:      layout_basic, kennysheep_generic_room_15
D:4:      layout_basic, minmay_circle_x
D:5:      layout_layer_cave, nicolae_ru_path_of_blood, zin_treasury,
          minmay_temple_entry_arrows, serial_shops, nicolae_square_shop,
          nicolae_shop_crystal, uniq_sigmund
D:6:      layout_cave_pools
D:7:      layout_rooms, mainiacjoe_overflow_surrounded_room
Temple:   nicolae_temple_hex_pool

Skill      XL: |  1  2  3  4  5  6  7  8 |
---------------+-------------------------+-----
Dodging        | 2 3 4 |  4.0
Conjurations   | 5 6 7 8 |  8.2
Spellcasting   | 3 4 5 7 |  7.0
Stealth        | 2 3 4 |  4.0
Fighting       | 1 |  1.7
Short Blades   | |  0.1
Hexes          | |  0.6

Action                   |  1- 3 |  4- 6 |  7- 9 || total
-------------------------+-------+-------+-------++-------
Melee: Dagger            |    25 |    29 |    16 ||    70
       Tailslap          |     2 |     2 |       ||     4
 Cast: Magic Dart        |    83 |   121 |    88 ||   292
       Searing Ray       |       |    12 |    21 ||    33
       Dazzling Flash    |       |       |     3 ||     3
 Abil: Breathe Acid      |       |       |     6 ||     6
  Use: Scroll            |       |     7 |     2 ||     9
       Potion            |       |     2 |     2 ||     4
Armor: Skin              |    24 |    21 |    18 ||    63
Dodge: Dodged            |    49 |    37 |    37 ||   123
